Map: Newkirk Precinct TE (Void)

Players

TRUE

  • Race: Zerg Zerg
  • Spawn Location: 5:00

Nerchio - Winner!

  • Race: Zerg Zerg
  • Spawn Location: 7:00

Event: IEM XI Katowice - World Championship 2017

VOD

Have the link to the VOD?

Description

Time

  • Played on: March 2, 2017, 11:48 p.m.
  • Length: 11:04

All games in this series

Show
View Real Time Build Order
Export as new Build Order

TRUE Zerg 

Build Orders: 3 Hatch before Pool 

Get SALT Encoding   

  12  0:00  Drone  
  13  0:13  Overlord  
  13  0:17  Drone  
  14  0:31  Drone  
  14  0:32  Drone  
  14  0:34  Drone  
  17  0:53  Hatchery  
  16  0:57  Drone  
  17  1:18  Hatchery  
  16  1:20  Drone  
  17  1:35  Spawning Pool  
  17  1:38  Drone  
  17  1:40  Extractor  
  17  1:43  Drone  
  17  1:53  Drone x2  
  19  1:59  Overlord  
  19  2:06  Drone  
  20  2:12  Drone  
  21  2:17  Drone  
  21  2:22  Queen  
  22  2:27  Queen  
  26  2:37  Queen  
  26  2:43  Metabolic Boost  
  28  2:46  Zergling x2  
  28  2:51  Drone x2  
  30  2:55  Drone  
  32  3:03  Baneling Nest  
  31  3:13  Zergling x4  
  31  3:14  Drone x2  
  35  3:22  Zergling x8  
  35  3:27  Zergling x4  
  41  3:30  Zergling x2  
  42  3:37  Overlord  
  42  3:47  Baneling x2  
  42  3:48  Baneling x2  
  42  3:57  Zergling x6  
  42  3:58  Zergling x10  
  50  4:07  Baneling x2  
  50  4:08  Drone  
  50  4:14  Drone x2  
  50  4:21  Overlord  
  50  4:23  Drone  
  50  4:24  Overlord  
  50  4:29  Overlord  
  49  4:41  Drone x6  
  50  4:49  Zergling x2  
  50  4:50  Zergling x4  
  47  4:53  Drone x2  
  47  4:57  Zergling x4  
  47  4:58  Baneling  
  51  5:00  Baneling  
  51  5:01  Baneling  
  51  5:02  Zergling x2  
  52  5:08  Roach Warren  
  52  5:09  Extractor  
  52  5:11  Zergling x4  
  52  5:13  Baneling  
  52  5:14  Baneling  
  52  5:17  Baneling x2  
  52  5:19  Drone x2  
  52  5:20  Drone  
  55  5:23  Drone x2  
  55  5:27  Drone x2  
  59  5:33  Zergling x4  
  59  5:34  Zergling x4  
  60  5:46  Overlord  
  60  5:48  Roach  
  60  5:49  Roach x3  
  68  5:50  Extractor  
  68  5:53  Drone x2  
  68  5:55  Roach  
  71  5:58  Roach  
  71  6:01  Overlord  
  71  6:04  Overlord  
  71  6:08  Roach  
  71  6:09  Roach  
  75  6:12  Roach  
  75  6:14  Roach  
  75  6:16  Roach  
  81  6:22  Roach  
  82  6:26  Roach  
  82  6:28  Overlord  
  82  6:29  Roach  
  82  6:32  Overlord  
  86  6:33  Roach  
  86  6:37  Overlord  
  86  6:38  Overlord  
  88  6:48  Roach x3  
  88  6:50  Roach  
  88  6:54  Roach  
  98  6:55  Unknown, Roach  
  98  6:57  Roach  
  98  7:00  Roach  
  104  7:04  Roach  
  104  7:05  Roach  
  104  7:07  Roach  
  110  7:10  Zergling x2  
  110  7:12  Zergling x2  
  110  7:13  Zergling x2  
  113  7:17  Zergling x2  
  113  7:19  Zergling x2  
  113  7:20  Zergling x4  
  116  7:23  Zergling x2  
  116  7:24  Zergling x2  
  116  7:26  Zergling x4  
  110  7:43  Zergling x4  
  105  7:49  Roach x3  
  105  7:53  Roach  
  105  7:54  Roach  
  105  7:56  Unknown  
  96  7:59  Roach  
  96  8:01  Roach x2  
  96  8:03  Roach x2  
  96  8:04  Roach  
  96  8:05  Roach  
  102  8:06  Roach  
  102  8:07  Roach  
  102  8:09  Roach  
  102  8:11  Roach  
  98  8:14  Roach  
  98  8:17  Roach  
  98  8:19  Roach  
  96  8:22  Roach  
  96  8:25  Roach  
  96  8:28  Roach  
  96  8:32  Roach  
  92  8:36  Roach  
  92  8:37  Roach  
  94  8:43  Roach x2  
  94  8:45  Roach  
  100  8:48  Roach  
  100  8:55  Roach x2  
  106  8:58  Unknown  
  106  9:03  Zergling x8  
  106  9:05  Zergling x2  
  111  9:17  Zergling x12  
  111  9:19  Ravager  
  111  9:20  Ravager x3  
  111  9:22  Overlord  
  121  9:28  Ravager  
  121  9:29  Overlord  
  122  9:31  Unknown  
  122  9:40  Zergling x6  
  122  9:41  Zergling x6  
  122  9:42  Zergling x4  
  130  9:47  Ravager  
  130  9:48  Overlord, Ravager  
  130  9:49  Zergling x2  
  130  9:51  Zergling x4  
  135  9:53  Zergling x2  
  135  9:56  Zergling x2, Ravager  
  134  10:12  Zergling x2  
  134  10:13  Zergling x6  
  134  10:14  Zergling x6  
  135  10:18  Zergling x2  
  135  10:19  Zergling x2  
  121  10:26  Roach x5  
  121  10:27  Unknown  
  126  10:30  Roach  
  128  10:41  Roach x5  
  129  10:43  Roach  
Show
View Real Time Build Order
Export as new Build Order

Nerchio Zerg - Winner!

Build Orders: Pool First, Zergling Baneling 

Get SALT Encoding   

  12  0:00  Drone  
  13  0:13  Overlord  
  13  0:18  Drone  
  14  0:31  Drone x2  
  14  0:35  Drone  
  17  0:45  Spawning Pool  
  17  0:50  Drone  
  17  1:09  Hatchery  
  16  1:13  Drone  
  16  1:16  Extractor  
  16  1:17  Drone  
  17  1:22  Drone  
  18  1:32  Queen  
  18  1:36  Zergling x2  
  21  1:43  Overlord  
  21  1:50  Drone  
  22  2:03  Drone  
  22  2:08  Queen  
  23  2:11  Drone  
  23  2:15  Metabolic Boost  
  26  2:23  Queen  
  28  2:30  Spine Crawler  
  28  2:34  Drone x3  
  31  2:42  Baneling Nest  
  31  2:43  Drone  
  31  2:47  Zergling x2  
  32  2:52  Overlord  
  32  2:55  Drone  
  32  2:58  Zergling x2  
  34  3:00  Drone  
  35  3:06  Drone  
  35  3:11  Drone  
  35  3:12  Drone  
  38  3:14  Zergling x2  
  39  3:26  Hatchery  
  38  3:29  Drone  
  38  3:31  Zergling x2  
  40  3:34  Overlord  
  40  3:44  Queen  
  40  3:45  Drone x2  
  44  3:51  Overlord  
  44  3:54  Drone x2  
  46  3:57  Drone  
  46  4:00  Baneling x3  
  47  4:05  Overlord  
  47  4:09  Zergling x4  
  49  4:11  Zergling x4  
  49  4:13  Baneling  
  49  4:15  Baneling  
  48  4:18  Zergling x6  
  51  4:26  Extractor  
  51  4:27  Roach Warren  
  50  4:31  Zergling x2  
  50  4:32  Baneling x2  
  50  4:35  Spine Crawler  
  48  4:41  Zergling x2, Baneling  
  48  4:45  Zergling x8  
  45  4:48  Zergling x4  
  45  4:52  Zergling x2  
  49  4:53  Zergling x2  
  49  4:58  Drone x3  
  53  5:00  Drone x2  
  53  5:03  Drone x2  
  57  5:12  Baneling  
  57  5:13  Baneling  
  57  5:15  Drone  
  57  5:16  Drone x3  
  57  5:17  Evolution Chamber  
  60  5:22  Overlord  
  60  5:27  Lair  
  60  5:31  Roach  
  60  5:32  Roach  
  60  5:34  Roach  
  65  5:39  Overlord  
  65  5:42  Roach  
  67  5:43  Roach  
  67  5:49  Zerg Missile Weapons Level 1  
  69  5:51  Overlord, Extractor  
  69  5:56  Roach x2  
  72  6:00  Roach  
  69  6:06  Roach  
  69  6:08  Drone x2  
  69  6:09  Drone x2  
  69  6:10  Drone  
  76  6:13  Drone x3  
  76  6:14  Drone  
  76  6:16  Drone  
  76  6:18  Drone  
  81  6:19  Drone  
  81  6:20  Drone  
  81  6:23  Drone  
  81  6:24  Drone  
  81  6:25  Drone  
  83  6:28  Glial Reconstitution  
  83  6:30  Drone  
  83  6:31  Extractor  
  83  6:32  Drone  
  84  6:33  Overseer  
  84  6:37  Roach  
  86  6:40  Overlord  
  86  6:42  Overlord  
  86  6:45  Roach x2  
  90  6:49  Overlord  
  90  6:56  Overlord x2  
  90  6:59  Roach  
  90  7:00  Roach x2  
  96  7:03  Roach x3  
  96  7:06  Ravager  
  103  7:10  Spine Crawler  
  103  7:12  Roach x2  
  103  7:13  Spine Crawler  
  103  7:14  Roach  
  107  7:18  Roach x2  
  107  7:20  Roach  
  109  7:23  Zergling x6  
  109  7:25  Zergling x2, Ravager  
  116  7:33  Roach x2  
  116  7:37  Roach  
  116  7:38  Roach  
  116  7:39  Zergling x2  
  116  7:43  Roach  
  119  7:50  Hatchery  
  112  7:52  Roach  
  112  7:53  Roach  
  112  7:55  Roach  
  113  8:02  Roach  
  109  8:06  Roach  
  109  8:10  Roach  
  108  8:17  Queen  
  108  8:20  Zerg Missile Weapons Level 2  
  108  8:21  Roach  
  108  8:24  Roach  
  112  8:27  Roach  
  112  8:28  Hatchery  
  112  8:30  Roach  
  115  8:41  Queen  
  115  8:42  Roach x2  
  121  8:49  Overlord  
  121  8:51  Overlord, Extractor  
  122  9:03  Roach x3  
  122  9:08  Queen  
  128  9:11  Roach  
  128  9:13  Overseer  
  128  9:15  Roach x2  
  134  9:17  Extractor, Ravager x2  
  134  9:18  Ravager  
  134  9:20  Roach  
  138  9:29  Drone x4  
  138  9:30  Roach  
  138  9:31  Roach  
  146  9:37  Overlord  
  146  9:38  Overlord  
  146  9:42  Overlord  
  146  9:54  Roach  
  146  9:55  Roach x2  
  146  9:56  Ravager  
  146  9:57  Ravager x2  
  146  9:59  Roach  
  157  10:00  Roach  
  157  10:02  Roach  
  157  10:03  Roach  
  157  10:05  Roach  
  163  10:08  Roach  
  163  10:12  Roach x2  
  167  10:14  Roach  
  167  10:20  Roach  
  162  10:23  Roach x2  
  162  10:24  Roach  
  162  10:25  Roach  
  162  10:28  Roach  
  168  10:29  Roach  
  168  10:32  Roach  
  168  10:33  Roach  
  174  10:36  Overlord  
  174  10:39  Overlord  
  174  10:44  Overlord  
  174  10:45  Roach  

Tags
 
Add a new tag
Caveats
  • Supply blocks, unpowered buildings, or Contaminate may cause inaccurate times.
  • Supply counts are checked every 10 seconds.